 Dungeon Crawl Stone Soup version 0.30.1-11-g7821555f0a (webtiles) character file.

Game seed: 17659864369738927014

13788130 Kallu the Middleweight Champion (level 27, 273/273 HPs)
             Began as a Ghoul Monk on Jan 9, 2024.
             Was the Champion of Wu Jian.
             Escaped with the Orb
             ... and 15 runes on Jan 10, 2024!
             The game lasted 06:36:16 (115772 turns).

Kallu the Middleweight Champion (Ghoul Monk)      Turns: 115772, Time: 06:36:16

Health: 273/273    AC: 53    Str: 25    XL:     27
Magic:  35/35      EV: 20    Int:  7    God:    Wu Jian [******]
Gold:   18189      SH: 33    Dex: 19    Spells: 42/44 levels left

rFire   + +          .
                       - Unarmed
rCold   + + .        q - +7 tower shield {reflect}
rNeg    + + +        U - +12 gold dragon scales
rPois   ∞            R - +2 helmet {SInv}
rElec   .            r - +4 dragonskin cloak
rCorr   .            (no gloves)
SInv    +            v - +2 pair of boots
Will    +++++        K - amulet "Loasueteta" {Acrobat rPois Dex+6}
Stlth   +            l - ring "Tucymneu" {Fly Will+++}
HPRegen 0.65/turn    h - ring "Wangon" {rF+ rN+ Slay+4}
MPRegen 0.24/turn

%: reflection, acrobat
@: flying, studying 3 skills
A: claws 1, cold resistance 1, negative energy resistance 3, inhibited
regeneration, torment resistance 2, devour on kill
0: Orb of Zot
}: 15/15 runes: serpentine, barnacled, slimy, silver, golden, iron, obsidian,
icy, bone, abyssal, demonic, glowing, magical, fiery, dark
a: Renounce Religion, Wall Jump, Serpent's Lash, Heavenly Storm


You escaped.
You worshipped Wu Jian.
Wu Jian was exalted by your worship.
You visited 18 branches of the dungeon, and saw 87 of its levels.
You visited Pandemonium 1 time, and saw 16 of its levels.
You visited the Abyss 2 times.
You visited 1 ziggurat, and saw 16 of its levels.
You also visited: Ice Cave.

You collected 22412 gold pieces.
You spent 4223 gold pieces at shops.

Inventory:

Missiles
 T - 8 throwing nets (quivered)
Armour
 q - a +7 tower shield of reflection (worn)
 r - the +4 dragonskin cloak (worn)
   (You took it off Tiamat on level 3 of the Realm of Zot)

   Avatar's Aegis: It grants the wearer a chance to resist fire, cold, poison,
   electricity, acid, and negative energy.
 v - a +2 pair of boots (worn)
 R - a +2 helmet of see invisible (worn)
 U - +12 gold dragon scales (worn)
Jewellery
 e - the amulet "Pagelu" {Regen+ Str+2 SInv}
   (You found it on level 3 of the Tomb of the Ancients)

   [amulet of regeneration]

   Str:       It affects your strength (+2).
   SInv:      It lets you see invisible.
   Regen:     It increases your rate of health regeneration.
 h - the ring "Wangon" (right claw) {rF+ rN+ Slay+4}
   (You found it on level 7 of a ziggurat)

   [ring of positive energy]

   Slay:      It affects your accuracy & damage with ranged weapons and melee
   (+4).
   rF:        It protects you from fire.
   rN:        It protects you from negative energy.
 k - the ring "Iwucim" {rPois rF+ rCorr Int+2}
   (You took it off a deep elf death mage on level 3 of the Elven Halls)

   [ring of poison resistance]

   Int:       It affects your intelligence (+2).
   rF:        It protects you from fire.
   rPois:     It protects you from poison.
   rCorr:     It protects you from acid and corrosion.
 l - the ring "Tucymneu" (left claw) {Fly Will+++}
   (You found it on level 3 of the Tomb of the Ancients)

   [ring of flight]

   Fly:       It grants you flight.
   Will:      It greatly increases your willpower.
 m - the amulet "Toduda" {Regen+ Dex+4}
   (You found it on level 7 of Gehenna)

   [amulet of regeneration]

   Dex:       It affects your dexterity (+4).
   Regen:     It increases your rate of health regeneration.
 o - a ring of protection from cold
 u - the ring "Ishoam" {rElec Will+}
   (You found it on level 11 of a ziggurat)

   [ring of willpower]

   rElec:     It insulates you from electricity.
   Will:      It increases your willpower.
 x - the ring of the Hare {EV+10}
   (You bought it in a shop on level 1 of the Elven Halls)

   [ring of evasion]

   EV:        It affects your evasion (+10).
 C - the ring of Ricucosa {Str+6 Slay+6 Stlth+}
   (You found it on level 4 of the Shoals)

   [ring of strength]

   Str:       It affects your strength (+6).
   Slay:      It affects your accuracy & damage with ranged weapons and melee
   (+6).
   Stlth:     It makes you more stealthy.
 H - the ring "Pekiczim" {+Blink Int-2 Dex+6 Stlth+}
   (You took it off an ogre mage on level 14 of the Dungeon)

   [ring of dexterity]

   Int:       It affects your intelligence (-2).
   Dex:       It affects your dexterity (+6).
   +Blink:    It lets you blink.
   Stlth:     It makes you more stealthy.
 K - the amulet "Loasueteta" (around neck) {Acrobat rPois Dex+6}
   (You found it on level 3 of the Tomb of the Ancients)

   [amulet of the acrobat]

   It increases your evasion while moving and waiting.
   Dex:       It affects your dexterity (+6).
   rPois:     It protects you from poison.
 P - the amulet of Zyrow {Spirit rC+ Str+8 Int+2 Dex-2}
   (You found it on level 13 of a ziggurat)

   [amulet of guardian spirit]

   It causes incoming damage to be divided between your reserves of health and
   magic.
   Str:       It affects your strength (+8).
   Int:       It affects your intelligence (+2).
   Dex:       It affects your dexterity (-2).
   rC:        It protects you from cold.
 Y - the ring "Qyagoid" {rElec rPois rN+ Stlth+}
   (You found it on level 3 of the Crypt)

   [ring of positive energy]

   rElec:     It insulates you from electricity.
   rPois:     It protects you from poison.
   rN:        It protects you from negative energy.
   Stlth:     It makes you more stealthy.
Wands
 y - a wand of quicksilver (47)
 B - a wand of paralysis (144)
 D - a wand of roots (150)
 G - a wand of flame (260)
 J - a wand of mindburst (108)
 L - a wand of polymorph (75)
 Q - a wand of digging (31)
Scrolls
 a - 2 scrolls of magic mapping
 c - 11 scrolls of blinking
 g - 16 scrolls of teleportation
 p - 15 scrolls of immolation
 t - 18 scrolls of vulnerability
 A - 18 scrolls of fog
 E - 9 scrolls of butterflies
 F - 4 scrolls of brand weapon
 N - 10 scrolls of fear
 V - 5 scrolls of torment
 X - 3 scrolls of silence
Potions
 b - a potion of ambrosia
 d - 10 potions of resistance
 j - 33 potions of curing
 n - 7 potions of haste
 s - 10 potions of attraction
 z - 12 potions of flight
 M - 7 potions of might
 O - 6 potions of invisibility
 S - a potion of cancellation
 W - 4 potions of heal wounds
Miscellaneous
 f - a phial of floods
 i - a lightning rod (4/4)
 w - a phantom mirror (inert)
 I - a figurine of a ziggurat
 Z - the horn of Geryon


   Skills:
 O Level 27 Fighting
 O Level 27 Armour
 O Level 27 Dodging
 + Level 24.9 Stealth
 O Level 27 Shields
 O Level 27 Unarmed Combat
 - Level 9.0 Spellcasting
 - Level 6.0 Translocations
 O Level 27 Evocations


You had 42 spell levels left.
You knew the following spells:

 Your Spells              Type           Power      Damage    Failure   Level
a - Blink                 Tloc           22%        N/A       17%         2

Your spell library contained the following spells:

 Spells                   Type           Power      Damage    Failure   Level
 Apportation              Tloc           22%        N/A       11%         1
 Lesser Beckoning         Tloc           22%        N/A       17%         2
 Gell's Gravitas          Tloc           11%        N/A       32%         3
 Teleport Other           Tloc           11%        N/A       32%         3
 Momentum Strike          Conj/Tloc      14%        3d8       50%         2
 Manifold Assault         Tloc           11%        N/A       73%         4
 Passage of Golubria      Tloc           11%        N/A       73%         4
 Portal Projectile        Hex/Tloc       14%        N/A       75%         3
 Vhi's Electric Charge    Tloc/Air       14%        N/A       75%         3
 Volatile Blastmotes      Fire/Tloc      14%        2d11      75%         3
 Foxfire                  Conj/Fire      12%        2x1d4     78%         1
 Freeze                   Ice            12%        1d3       78%         1
 Kiss of Death            Conj/Necr      12%        2d6       78%         1
 Magic Dart               Conj           12%        1d3       78%         1
 Necrotise                Necr           12%        1d4       78%         1
 Sandblast                Erth           6%         2d5       78%         1
 Shock                    Conj/Air       12%        1d3       78%         1
 Slow                     Hex            12%        N/A       78%         1
 Sting                    Tmut/Pois      12%        1d3       78%         1
 Summon Small Mammal      Summ           12%        N/A       78%         1
 Call Imp                 Summ           6%         N/A       89%         2
 Cigotuvi's Dreadful Rot  Necr/Pois/Air  6%         N/A       89%         2
 Ensorcelled Hibernation  Hex/Ice        6%         N/A       89%         2
 Passwall                 Tmut/Erth      2%         N/A       89%         2
 Poisonous Vapours        Pois/Air       6%         N/A       89%         2
 Scorch                   Fire           6%         2d5       89%         2
 Searing Ray              Conj           6%         2d4       89%         2
 Static Discharge         Conj/Air       6%         2-3/arc   89%         2
 Call Canine Familiar     Summ           3%         N/A       98%         3
 Confusing Touch          Hex            3%         N/A       98%         3
 Dazzling Flash           Conj/Hex       6%         N/A       98%         3
 Frozen Ramparts          Ice            6%         1d1       98%         3
 Hailstorm                Conj/Ice       3%         3d3       98%         3
 Ignite Poison            Fire/Tmut/Pois 3%         N/A       98%         3
 Inner Flame              Hex/Fire       3%         N/A       98%         3
 Mephitic Cloud           Conj/Pois/Air  3%         N/A       98%         3
 Ozocubu's Armour         Ice            3%         N/A       98%         3
 Stone Arrow              Conj/Erth      6%         3d7       98%         3
 Summon Guardian Golem    Hex/Summ       3%         N/A       98%         3
 Swiftness                Air            3%         N/A       98%         3
 Tukima's Dance           Hex            3%         N/A       98%         3
 Vampiric Draining        Necr           3%         2d6       98%         3
 Iskenderun's Mystic Bla  Conj/Tloc      7%         2d4       98%         4
 Airstrike                Air            1%         2d(1-17)  100%        4
 Anguish                  Hex/Necr       1%         N/A       100%        4
 Animate Armour           Summ/Erth      6%         N/A       100%        4
 Animate Dead             Necr           3%         N/A       100%        4
 Cause Fear               Hex            1%         N/A       100%        4
 Dispel Undead            Necr           3%         3d7       100%        4
 Flame Wave               Conj/Fire      3%         2d5       100%        4
 Fulminant Prism          Conj/Hex       1%         3d5       100%        4
 Leda's Liquefaction      Hex/Erth       1%         N/A       100%        4
 Olgreb's Toxic Radiance  Pois           3%         N/A       100%        4
 Petrify                  Tmut/Erth      3%         N/A       100%        4
 Sticky Flame             Conj/Fire      3%         2d3       100%        4
 Summon Ice Beast         Ice/Summ       3%         N/A       100%        4
 Summon Lightning Spire   Summ/Air       3%         N/A       100%        4
 Agony                    Necr           3%         N/A       100%        5
 Alistair's Intoxication  Tmut/Pois      2%         N/A       100%        5
 Arcjolt                  Conj/Air       1%         1d11      100%        5
 Borgnjor's Vile Clutch   Necr/Erth      1%         N/A       100%        5
 Fireball                 Conj/Fire      1%         3d3       100%        5
 Freezing Cloud           Conj/Ice/Air   1%         6-21      100%        5
 Irradiate                Conj/Tmut      1%         3d12      100%        5
 Lee's Rapid Deconstruct  Erth           1%         3d4*      100%        5
 Metabolic Englaciation   Hex/Ice        1%         N/A       100%        5
 Silence                  Hex/Air        1%         N/A       100%        5
 Summon Forest            Summ/Tloc      3%         N/A       100%        5
 Summon Mana Viper        Hex/Summ       3%         N/A       100%        5
 Yara's Violent Unravell  Hex/Tmut       1%         3d3       100%        5
 Conjure Ball Lightning   Conj/Air       1%         3x3d6     100%        6
 Death Channel            Necr           1%         N/A       100%        6
 Dispersal                Tloc           5%         N/A       100%        6
 Eringya's Noxious Bog    Tmut/Pois      1%         N/A       100%        6
 Iron Shot                Conj/Erth      1%         9d1       100%        6
 Plasma Beam              Fire/Air       1%         2x1d12    100%        6
 Simulacrum               Ice/Necr       1%         N/A       100%        6
 Starburst                Conj/Fire      1%         6d3       100%        6
 Summon Cactus Giant      Summ           1%         N/A       100%        6
 Enfeeble                 Hex            1%         N/A       100%        7
 Haunt                    Necr/Summ      1%         N/A       100%        7
 Monstrous Menagerie      Summ           1%         N/A       100%        7
 Ozocubu's Refrigeration  Ice            1%         4d7       100%        7
 Summon Hydra             Summ           1%         N/A       100%        7
 Discord                  Hex            1%         N/A       100%        8
 Disjunction              Tloc           5%         N/A       100%        8
 Ignition                 Fire           1%         3d3       100%        8
 Infestation              Necr           1%         N/A       100%        8
 Maxwell's Capacitive Co  Air            1%         ∞         100%        8
 Summon Horrible Things   Summ           1%         N/A       100%        8
 Chain Lightning          Conj/Air       1%         3d2       100%        9
 Dragon's Call            Summ           1%         N/A       100%        9
 Fire Storm               Conj/Fire      1%         8d1       100%        9
 Polar Vortex             Ice            1%         N/A       100%        9
 Shatter                  Erth           1%         3d6*      100%        9
 Sublimation of Blood     Necr           Unusable   N/A       N/A         2
 Wereblood                Tmut           Unusable   N/A       N/A         2
 Spider Form              Tmut/Pois      Unusable   N/A       N/A         3
 Ice Form                 Ice/Tmut       Unusable   N/A       N/A         4
 Blade Hands              Tmut           Unusable   N/A       N/A         5
 Statue Form              Tmut/Erth      Unusable   N/A       N/A         6
 Dragon Form              Tmut           Unusable   N/A       N/A         7
 Storm Form               Tmut/Air       Unusable   N/A       N/A         7
 Necromutation            Tmut/Necr      Unusable   N/A       N/A         8

Dungeon Overview and Level Annotations

Branches:
Dungeon (15/15)            Temple (1/1) D:4            Lair (5/5) D:9
 Shoals (4/4) Lair:3        Snake (4/4) Lair:2        Slime (5/5) Lair:5
    Orc (2/2) D:11            Elf (3/3) Orc:2        Vaults (5/5) D:14
  Crypt (3/3) Vaults:2       Tomb (3/3) Crypt:3      Depths (4/4) D:15
   Hell (visited)             Dis (7/7) Hell            Geh (7/7) Hell
    Coc (7/7) Hell            Tar (7/7) Hell            Zot (5/5) Depths:4
  IceCv (visited)

Altars:
Ashenzari
Cheibriados
Dithmenos
Fedhas
Gozag
Hepliaklqana
Kikubaaqudgha
Makhleb
Nemelex Xobeh
Okawaru
Qazlal
Ru
Sif Muna
Trog
Uskayaw
Vehumet
Wu Jian
Xom
Yredelemnul
Jiyva

Shops:
Orc:2 :[*(   Elf:1 *(((==?:   Elf:2 (   Snake:2 *?   Vaults:4 ?

Portals:
Hell: Depths:1 Depths:2 Depths:3 Depths:4
Abyss: Depths:1 Depths:3
Pandemonium: Depths:1 Depths:2

Annotations:
D:12 2 transporters, ciphuk's ghost, journeyman TrMo
D:14 1 runed translucent door, Ebifuf's ghost, journeyman MiMo
Lair:2 3 runed translucent doors, megamayne420's ghost, journeyman HOMo
Elf:2 3 runed translucent doors
Depths:2 1 transporter
Depths:3 3 runed translucent doors


Innate Abilities, Weirdness & Mutations

You are immune to poison.
You have sharp fingernails.
Your flesh is cold resistant. (rC+)
You are immune to negative energy. (rN+++)
You do not regenerate when monsters are visible.
You are immune to unholy pain and torment.
You thrive by killing the living.


Message History

You closely miss the Executioner.
The Executioner is severely wounded.
You mangle the Executioner!!
You kill the Executioner!
The Council accepts your kill.
You spin and attack the large abomination repeatedly.
You mangle the large abomination!!
The large abomination is heavily damaged.
You scratch the large abomination.
The large abomination is heavily damaged.
The large abomination hits you but does no damage.
You claw the large abomination!
The large abomination is almost destroyed.
You block the large abomination's attack.
You scratch the large abomination.
You destroy the large abomination!
The Council accepts your kill.
There is a stone staircase leading down here.
You see here a +0 club.
A Hell Sentinel comes into view.
You lunge at the Hell Sentinel, in a flurry of attacks.
You mangle the Hell Sentinel!!
The Hell Sentinel is lightly wounded.
You scratch the Hell Sentinel but do no damage.
The Hell Sentinel is lightly wounded.
You block the Hell Sentinel's attack. The Hell Sentinel misses you.
Unknown command.
You eviscerate the Hell Sentinel!!!
The Hell Sentinel is heavily wounded.
Unknown command.
You eviscerate the Hell Sentinel!!!
The Hell Sentinel is almost dead.
The Hell Sentinel gestures at you.
Your +7 tower shield of reflection blocks the iron shot... and reflects it back!
The iron shot hits the Hell Sentinel!!!
You kill the Hell Sentinel!
The Council accepts your kill.
There is a staircase leading out of the dungeon here.
There is a staircase leading out of the dungeon here.
You have escaped!

#................#####..........#
######..##.....................##
#...........#####.........#
###...........#####.........##
###...###...................†...
#...##..........................
##.####..P#~#P.....P#~#P...###...
#..# #..P##~##P[..P##~##P..###...
..## #..)~~~~~..@..~~~~~.......##
### #..P##~##P...P##~##P..###.^#
# ##...P#~#P.....P#~#P...####.# #
#........................##.. ##
##........#.#####............ .##
#####.#....# ####.....#### ..####
#.##.### ###....##....
#....#####.##..# #....##...###
####.......###.## #.......###


There were no monsters in sight!

Vanquished Creatures
  Cerebov (Pan)
  Antaeus (Coc:7)
  the Royal Jelly (Slime:5)
  Asmodeus (Geh:7)
  Ereshkigal (Tar:7)
  Lom Lobon (Pan)
  the Serpent of Hell (Geh:7)
  Mnoleg (Pan)
  Gloorx Vloq (Pan)
  8 ancient liches
  12 dread liches
  Dispater (Dis:7)
  Tiamat (Zot:3)
  3 orbs of fire
  Mennas (Pan)
  9 pandemonium lords
  41 royal mummies
  Sojobo (Vaults:3)
  Boris (twice) (Depths:3 Crypt:2)
  7 Killer Klowns
  Vv (Zot:4)
  13 shard shrikes (Coc:6)
  38 caustic shrikes
  Saint Roka (Snake:4)
  Geryon (Hell)
  7 curse toes
  Vashnia (Snake:2)
  Xtahua (Crypt:2)
  17 golden dragons
  16 bone dragons
  Nikola (Vaults:2)
  A pearl dragon (Pan)
  Jory (Vaults:3)
  22 profane servitors
  31 Tzitzimimeh
  9 Brimstone Fiends
  8 doom hounds
  The ghost of Kallu the Lord of Darkness, an adept DrAE of Kikubaaqudgha (Vaults:4)
  6 iron giants
  2 spectral shard shrikes
  16 tentacled monstrosities
  26 Hell Sentinels
  19 hellephants
  3 electric golems
  Zenata (Elf:3)
  A walking crystal tome (Depths:2)
  27 Orb Guardians
  19 Ice Fiends
  23 tainted leviathans
  Asterion (Snake:1)
  14 liches
  A shard shrike skeleton (Crypt:3)
  2 deep elf master archers (Elf:3)
  A deep elf blademaster (Elf:3)
  10 titans
  Murray (Depths:4)
  25 acid blobs
  7 death cobs
  Polyphemus (Shoals:3)
  13 quicksilver dragons
  Frances (D:14)
  24 Executioners
  27 searing wretches
  13 sphinxes
  6 draconian monks
  5 tengu reavers
  17 storm dragons
  Kirke (Shoals:3)
  48 ancient champions
  8 shadow dragons
  Roxanne (Shoals:2)
  Agnes (Elf:1)
  10 revenants
  Donald (Shoals:2)
  11 fire giants
  22 rockslimes
  2 daevas (Pan)
  14 quicksilver elementals
  Ilsuiw (Shoals:2)
  31 narguns
  7 nagarajas
  3 emperor scorpions
  Aizul (Snake:2)
  6 demonspawn warmongers (Pan)
  2 draconian knights
  20 frost giants
  2 spectral caustic shrikes (Tar:1)
  25 azure jellies
  4 spectral juggernauts
  5 iron dragons
  Louise (Snake:1)
  10 draconian scorchers
  6 shard shrike simulacra
  5 draconian stormcallers
  6 deep elf sorcerers
  10 curse skulls
  41 balrugs
  26 quicksilver oozes
  4 deep elf elementalists
  14 angels
  14 ghost moths
  26 cacodemons
  10 draconian shifters
  9 draconian annihilators
  19 ironbound preservers
  5 ghouls
  16 reapers
  6 orc warlords
  2 spriggan defenders (Depths:3)
  6 demonspawn corrupters (Pan)
  2 broodmothers
  31 war gargoyles
  24 vault wardens
  9 demonspawn blood saints (Pan)
  33 very ugly things
  2 caustic shrike skeletons
  7 stone giants
  A stone giant (shapeshifter) (Zig:4)
  8 apis (Pan)
  A rockslime zombie (Crypt:3)
  4 ophanim (Pan)
  6 ironbound thunderhulks
  16 green draconians
  22 elemental wellsprings
  12 vampire knights
  16 white draconians
  16 wendigos
  2 bennus (Tomb:2)
  Nessos (D:14)
  19 black draconians
  5 demonspawn black suns (Pan)
  26 putrid mouths
  8 lorocyprocas (Pan)
  21 purple draconians
  3 minotaurs
  8 deep elf annihilators
  3 deep elf demonologists (Elf:3)
  21 yellow draconians
  A spectral titan (Tar:3)
  32 dire elephants
  Azrael (Snake:2)
  9 spark wasps
  20 red draconians
  14 eidola
  Snorg (Orc:1)
  12 deep elf death magi
  2 spectral quicksilver dragons
  4 crystal guardians
  15 blizzard demons
  6 merfolk javelineers
  13 ettins
  13 green deaths (Pan)
  12 jiangshi
  6 fire dragons
  37 iron golems
  20 mummy priests
  3 spectral krakens (Tar:7)
  8 entropy weavers
  6 merfolk impalers
  15 great orbs of eyes
  5 deep elf high priests
  15 hydras
  The ghost of Salticid the Carver, a journeyman MeEE of Cheibriados (D:9)
  Josephine (D:10)
  The ghost of Xelujo the Martial Artist, a journeyman MfTm of Hepliaklqana (D:13)
  7 caustic shrike simulacra
  A great orb of eyes (shapeshifter) (Abyss:3)
  A hydra (shapeshifter) (Abyss:3)
  11 yaktaur captains
  An ice dragon (shapeshifter) (Abyss:3)
  5 spectral spriggans
  2 rakshasas (Depths:3)
  A quicksilver dragon skeleton (Crypt:3)
  33 vault guards
  Erolcha (D:10)
  A fenstrider witch zombie (Tomb:2)
  5 salamander tyrants
  4 spriggan air magi
  3 ogre magi
  16 anacondas
  11 juggernaut simulacra
  2 merfolk avatars
  2 ice dragons
  A radroach (shapeshifter) (Depths:2)
  A jorogumo (Zig:16)
  3 peacekeepers
  9 hell beasts
  Erica (Orc:1)
  10 boulder beetles
  10 two-headed ogres
  A catoblepas (Shoals:3)
  15 centaur warriors
  2 spectral stone giants (Tar:1)
  2 spriggan skeletons
  2 merfolk aquamancers
  8 ironbound frosthearts
  3 stokers
  16 dancing weapons
  A fenstrider witch skeleton (Crypt:3)
  10 death yaks
  14 satyrs
  8 deep troll earth magi
  An alligator snapping turtle (Zig:14)
  8 deep troll shamans
  6 tengu warriors
  13 hell hogs
  A spectral dire elephant (Tar:2)
  4 death knights
  15 vampire magi
  93 death scarabs
  14 naga warriors
  3 orc high priests
  5 shock serpents
  11 naga sharpshooters
  2 spectral storm dragons (Tar:1)
  9 thrashing horrors (Abyss:3)
  Amaemon (Lair:2)
  6 deep elf knights
  6 spriggan berserkers
  2 spectral nagas
  32 soul eaters
  3 spriggans
  3 titan skeletons
  85 sun demons
  2 salamander mystics
  17 crystal echidnas
  11 iron trolls
  A spectral anaconda (Tar:1)
  15 hell knights
  A bunyip zombie (Abyss:3)
  A wretched star (Abyss:3)
  30 sixfirhies
  2 skysharks
  3 sea snakes (shapeshifter) (Vaults:5)
  12 sea snakes
  15 shadow demons
  18 shadow wraiths
  88 skeletal warriors
  A pharaoh ant (Zig:14)
  8 quicksilver dragon simulacra
  An orb spider (shapeshifter) (Vaults:5)
  45 deep trolls
  Lodul (D:11)
  3 orb spiders (Zig:16)
  9 flayed ghosts
  13 deep elf archers
  12 wizards
  5 cherubim (Pan)
  8 naga ritualists
  The ghost of Leissi the Ruffian, a novice TrFi (D:6)
  A spectral hydra (Tar:1)
  2 swamp dragons
  9 glowing orange brains
  12 spriggan simulacra
  A steelbarb worm (Zig:16)
  5 orange crystal statues
  A steelbarb worm (shapeshifter) (Zig:4)
  2 fenstrider witch simulacra
  15 orc knights
  3 bunyip skeletons
  2 obsidian statues (Zot:5)
  15 ironbound convokers
  2 lindwurms
  2 anaconda skeletons
  30 deep elf pyromancers
  18 phantasmal warriors
  A mana viper (shapeshifter) (Vaults:5)
  14 necromancers
  20 deep elf zephyrmancers
  An iron dragon zombie (D:15)
  8 mana vipers
  4 spectral ettins
  A harpy (shapeshifter) (D:14)
  2 oklob plants (Lair:5)
  14 shining eyes
  A sphinx skeleton (Crypt:3)
  A frost giant zombie (D:15)
  5 orc sorcerers
  A spectral fire dragon (Tar:1)
  51 harpies
  21 manticores
  A will-o-the-wisp (Zig:14)
  4 wolf spiders
  A manticore (shapeshifter) (D:14)
  18 fauns
  A stone giant zombie (Crypt:1)
  4 cyclopes
  An iron dragon skeleton (Crypt:3)
  10 salamanders
  24 ugly things
  4 elephants
  A spectral centaur (Tar:2)
  2 guardian serpents (shapeshifter) (Abyss:3)
  6 merfolk sirens
  54 smoke demons
  17 naga magi
  3 torpor snails
  A rust devil (D:2)
  34 moths of wrath
  30 black mambas
  4 stone giant skeletons
  6 guardian serpents
  8 titan simulacra
  10 apocalypse crabs
  A frost giant skeleton (D:15)
  23 vault sentinels
  4 centaur skeletons
  6 water nymphs
  30 demonic crawlers
  The ghost of tadhg the Cleaver, a novice MiBe of Trog (D:5)
  An eye of devastation (shapeshifter) (Depths:3)
  30 orange demons
  5 spectral swamp worms (Tar:7)
  4 eyes of devastation
  12 cane toads
  An alligator snapping turtle zombie (Tomb:2)
  An elephant slug zombie (Crypt:3)
  5 ice statues
  35 hellions
  2 gargoyles (D:14)
  2 shock serpent skeletons
  3 dire elephant skeletons (Crypt:3)
  16 rime drakes
  11 unseen horrors
  3 naga skeletons
  19 tormentors
  2 kobold demonologists (D:12)
  14 anaconda simulacra
  26 freezing wraiths
  28 yaktaurs
  An alligator snapping turtle skeleton (Crypt:3)
  9 efreet
  2 bunyip simulacra
  An iron giant simulacrum (Coc:6)
  9 komodo dragons
  A red draconian skeleton (Crypt:2)
  4 spectral harpies
  An ancient zyme (Abyss:3)
  15 ice devils
  4 tengu conjurers
  52 guardian mummies
  A silent spectre (Tar:7)
  A wind drake (Shoals:3)
  A meliai (shapeshifter) (D:15)
  3 red devils
  21 merfolk
  A wind drake (shapeshifter) (Elf:3)
  7 meliai
  A troll (shapeshifter) (Elf:2)
  Grinder (D:6)
  9 trolls
  6 blink frogs
  A tarantella zombie (Crypt:1)
  27 hellwings
  4 harpy skeletons
  3 hornets
  A shadow dragon simulacrum (Crypt:2)
  A tarantella (shapeshifter) (Depths:2)
  4 tarantellas (Zig:16)
  An iron dragon simulacrum (Crypt:2)
  Prince Ribbit (D:7)
  11 snapping turtles
  3 stone giant simulacra
  2 spriggan zombies
  2 dream sheep (Lair:5)
  A fire dragon skeleton (Crypt:2)
  An ice dragon skeleton (Crypt:3)
  2 culicivoras (Zig:16)
  45 flying skulls
  4 shadows
  An ettin skeleton (Abyss:3)
  Sigmund (D:5)
  120 slime creatures
  2 jumping spiders (Zig:16)
  2 air elementals
  5 centaur simulacra
  A vampire (D:12)
  28 ynoxinuls (Pan)
  9 dire elephant simulacra
  18 wraiths
  20 yaks
  14 water elementals
  7 naga simulacra
  A basilisk (shapeshifter) (Elf:3)
  11 ushabtiu
  An alligator snapping turtle simulacrum (Coc:2)
  2 fire bats (Pan)
  20 golden eyes
  A black mamba skeleton (Crypt:3)
  6 wyverns
  A hog (shapeshifter) (D:14)
  7 fire elementals
  2 hogs (Shoals:3)
  A catoblepas simulacrum (Crypt:2)
  16 neqoxecs (Pan)
  8 steam dragons
  5 vampire mosquitoes
  50 chaos spawn
  5 redbacks
  9 basilisks
  3 death yak simulacra (IceCv)
  53 large abominations
  20 harpy simulacra
  A naga zombie (Hell)
  8 wargs
  A swamp worm (shapeshifter) (Depths:2)
  41 nagas
  8 acid dragons
  4 swamp drakes
  A hell hound (Snake:2)
  14 water moccasins
  4 floating eyes
  2 meliai simulacra
  2 hydra simulacra
  3 sky beasts
  5 ice beasts
  3 black bears
  An ice dragon simulacrum (Hell)
  37 orc warriors
  3 ettin simulacra
  4 boggarts
  3 black mamba simulacra
  22 ogres
  An ogre (shapeshifter) (Vaults:5)
  A small abomination (Zot:2)
  13 wolves
  A swamp dragon skeleton (Hell)
  A dream sheep skeleton (Crypt:1)
  8 centaurs
  A blink frog skeleton (Crypt:1)
  A phantom (D:7)
  4 kobold brigands
  A salamander zombie (Crypt:1)
  Blork the orc (Orc:2)
  A yaktaur zombie (Crypt:2)
  A scorpion (shapeshifter) (Vaults:5)
  9 bullfrogs
  4 cane toad simulacra (IceCv)
  6 earth elementals
  2 scorpions (D:5)
  A two-headed ogre simulacrum (IceCv)
  A water moccasin zombie (Crypt:3)
  23 wights
  4 elephant simulacra (IceCv)
  A killer bee (D:7)
  An electric eel (Elf:1)
  5 howler monkeys
  A polar bear skeleton (Crypt:3)
  A crimson imp (Orc:1)
  2 lava snakes (Lair:2)
  2 jellies
  13 orc priests
  Crazy Yiuf (D:5)
  A gnoll bouda (D:10)
  3 hounds
  2 iron imps
  2 sleepcaps (D:5)
  8 iguanas
  21 orc wizards
  6 hell rats
  A troll simulacrum (IceCv)
  5 wolf simulacra (IceCv)
  An ice beast zombie (Crypt:1)
  4 polar bear simulacra (IceCv)
  A hound skeleton (Crypt:3)
  41 mummies
  10 gnolls
  8 adders
  A steam dragon skeleton (Crypt:2)
  A shadow imp (Orc:1)
  21 white imps
  2 ufetubi (IceCv)
  A jelly zombie (Crypt:3)
  An adder skeleton (Crypt:2)
  A worm (D:3)
  3 dart slugs
  42 orcs
  3 bats
  A bat skeleton (Crypt:3)
  9 endoplasms
  3 giant cockroaches
  9 goblins
  3 hobgoblins
  2 quokkas
  2 ball pythons
  A frilled lizard (D:3)
  A giant cockroach zombie (Crypt:1)
  A goblin zombie (Crypt:2)
  16 kobolds
  2 rats
  5 creeping infernos
  18 fire vortices
  2 lurking horrors (Abyss:3)
  2 spectral weapons
  A starspawn tentacle (Pan)
  4 tentacles (Tar:7)
4569 creatures vanquished.

Vanquished Creatures (collateral kills)
  A nargun (Coc:7)
1 creature vanquished.

Vanquished Creatures (others)
  A pandemonium lord (Pan)
  A hellephant (Geh:7)
  An Executioner (Pan)
  2 shard shrike simulacra (Coc:7)
  A demonspawn corrupter (Pan)
  3 elemental wellsprings
  A wendigo (Coc:3)
  A yellow draconian (Zot:2)
  2 caustic shrike simulacra
  A juggernaut simulacrum (Coc:3)
  A quicksilver dragon simulacrum (Coc:7)
  A titan simulacrum (Coc:7)
  An orange demon (Pan)
  A tormentor (Geh:1)
  An air elemental (Elf:2)
  2 centaur simulacra (Coc:2)
  4 dire elephant simulacra
  An alligator snapping turtle simulacrum (Coc:2)
  A fire bat (Pan)
  A chaos spawn (Pan)
  A hell hound (Snake:2)
  A small abomination (Abyss:3)
  An ettin simulacrum (Coc:4)
  A jelly (Abyss:3)
  An orc priest (Zig:10)
  3 ball lightnings (Pan)
  2 creeping infernos (Geh:7)
  2 fire vortices
  A lurking horror (Abyss:3)
  3 starspawn tentacles (Pan)
  17 tentacles (Tar:7)
61 creatures vanquished.

Grand Total: 4631 creatures vanquished

Notes
Turn   | Place    | Note
-------+----------+-------------------------------------------
     0 | D:1      | Kallu the Ghoul Monk began the quest for the Orb.
     0 | D:1      | Reached XP level 1. HP: 19/19 MP: 0/0
   127 | D:1      | Found a faded altar of an unknown god.
   149 | D:1      | Reached XP level 2. HP: 26/26 MP: 1/1
   762 | D:2      | Reached XP level 3. HP: 26/31 MP: 2/2
  1144 | D:3      | Reached skill level 5 in Unarmed Combat
  1251 | D:3      | Found a sparkling altar of Nemelex Xobeh.
  1320 | D:3      | Reached XP level 4. HP: 5/38 MP: 3/3
  1667 | D:3      | Reached XP level 5. HP: 10/45 MP: 4/4
  2298 | D:4      | Noticed an ice beast
  2309 | D:4      | Killed an ice beast
  2310 | D:4      | Reached XP level 6. HP: 37/51 MP: 5/5
  2624 | D:4      | Found a staircase to the Ecumenical Temple.
  2644 | Temple   | Entered the Ecumenical Temple
  2833 | Temple   | Became a worshipper of the Wu Jian Council
  2833 | Temple   | Reached * piety under Wu Jian
  2833 | Temple   | Reached ** piety under Wu Jian
  3035 | D:4      | Noticed a steam dragon
  3042 | D:4      | Killed a steam dragon
  3043 | D:4      | Reached XP level 7. HP: 37/57 MP: 6/6
  3480 | D:5      | Entered Level 5 of the Dungeon
  3493 | D:5      | Found a runed translucent gate.
  3493 | D:5      | Found a runed translucent gate.
  3493 | D:5      | Found a runed translucent gate.
  3498 | D:5      | Found an opulent altar of Gozag.
  3498 | D:5      | Noticed tadhg's ghost (novice MiBe)
  3499 | D:5      | Noticed a yak
  3670 | D:5      | Noticed Sigmund
  3679 | D:5      | Killed Sigmund
  3680 | D:5      | Reached skill level 10 in Unarmed Combat
  3680 | D:5      | Reached XP level 8. HP: 52/63 MP: 7/7
  3749 | D:5      | Identified the +8 dagger "Pecvubor" {speed, rN+}
  3819 | D:5      | Noticed a shadow
  3819 | D:5      | Noticed a yak
  3833 | D:5      | Killed a shadow
  3835 | D:5      | Killed a yak
  3982 | D:5      | Found a runed translucent door.
  3983 | D:5      | Noticed Crazy Yiuf
  3987 | D:5      | Killed Crazy Yiuf
  3997 | D:5      | Identified the +8 hammer of Pigiwiul {drain, Int+2}
  4319 | D:6      | Noticed Grinder
  4323 | D:6      | Paralysed by Grinder for 5 turns
  4330 | D:6      | Killed Grinder
  4331 | D:6      | Reached XP level 9. HP: 50/70 MP: 8/8
  4522 | D:6      | Found a large runed translucent door.
  4523 | D:6      | Found a large runed translucent door.
  4795 | D:6      | Noticed Leissi's ghost (novice TrFi)
  5050 | D:7      | Noticed Prince Ribbit
  5066 | D:7      | Killed Prince Ribbit
  5074 | D:7      | Reached *** piety under Wu Jian
  5169 | D:7      | Noticed a troll
  5169 | D:7      | Noticed a skeletal warrior
  5234 | D:7      | Found a snail-covered altar of Cheibriados.
  5374 | D:7      | Reached skill level 15 in Unarmed Combat
  5405 | D:7      | Reached XP level 10. HP: 77/77 MP: 9/9
  5489 | D:7      | Found a stormy altar of Qazlal.
  5489 | D:7      | Found a blossoming altar of Fedhas.
  6620 | D:8      | Reached **** piety under Wu Jian
  7366 | D:9      | Found a runed translucent gate.
  7366 | D:9      | Found a runed translucent gate.
  7366 | D:9      | Noticed a nine-headed hydra
  7367 | D:9      | Found a runed translucent gate.
  7367 | D:9      | Noticed Salticid's ghost (journeyman MeEE)
  7876 | D:9      | Got the Quarto of Striking
  8019 | D:9      | Found a staircase to the Lair.
  8379 | Lair:1   | Entered Level 1 of the Lair of Beasts
  8411 | Lair:1   | Noticed a cane toad
  8416 | Lair:1   | Killed a cane toad
  8417 | Lair:1   | Reached skill level 1 in Armour
  8545 | Lair:1   | Reached XP level 11. HP: 76/83 MP: 10/10
  8905 | Lair:1   | Reached skill level 5 in Fighting
  9307 | Lair:1   | Identified the +0 leather armour of Fouxa {rC- Str+4}
  9809 | Lair:2   | Found a staircase to the Snake Pit.
  9809 | Lair:2   | Noticed a salamander
  9823 | Lair:2   | Killed a salamander
 10385 | Lair:2   | Noticed a death yak
 10385 | Lair:2   | Noticed a death yak
 10391 | Lair:2   | Noticed a death yak
 10418 | Lair:1   | Killed a death yak
 10419 | Lair:1   | Reached XP level 12. HP: 65/103 MP: 11/11
 10560 | Lair:2   | Killed a death yak
 10568 | Lair:2   | Killed a death yak
 10630 | Lair:2   | Found a runed translucent gate.
 10631 | Lair:2   | Found a runed translucent gate.
 10632 | Lair:2   | Found a runed translucent gate.
 10633 | Lair:2   | Noticed megamayne420's ghost (journeyman HOMo)
 10638 | Lair:2   | Noticed a catoblepas
 10640 | Lair:2   | Noticed a four-headed hydra
 10725 | Lair:2   | Identified the +4 hand axe of the Pits of Slime {freeze,
                  | *Slow rN+++ Will+ Stlth+}
 10737 | Lair:2   | Noticed Amaemon
 10747 | Lair:2   | Killed Amaemon
 10975 | Lair:3   | Reached skill level 10 in Fighting
 11107 | Lair:3   | Reached ***** piety under Wu Jian
 11787 | Lair:3   | Found a staircase to the Shoals.
 12913 | Lair:5   | Entered Level 5 of the Lair of Beasts
 13268 | Lair:5   | Reached XP level 13. HP: 113/113 MP: 12/12
 13309 | Lair:5   | Noticed a fire dragon
 13365 | Lair:5   | Killed a fire dragon
 13737 | Lair:5   | Noticed a dire elephant
 14242 | Lair:5   | Killed a dire elephant
 14666 | Lair:5   | Identified the +5 shortbow of Tegaxadurgh {heavy, rC+}
 14931 | Lair:5   | Found a viscous altar of Jiyva.
 14933 | Lair:5   | Found a staircase to the Slime Pits.
 15530 | D:10     | Entered Level 10 of the Dungeon
 15641 | D:10     | Noticed Erolcha
 15646 | D:10     | Killed Erolcha
 15785 | D:10     | Noticed Josephine
 15790 | D:10     | Killed Josephine
 15977 | D:10     | Found a burning altar of Makhleb.
 16649 | D:11     | Found a staircase to the Orcish Mines.
 17105 | D:11     | Noticed Lodul
 17136 | D:11     | Killed Lodul
 17137 | D:11     | Reached XP level 14. HP: 70/121 MP: 12/13
 17903 | D:12     | Found a broken altar of Ashenzari.
 17991 | D:12     | Found a transporter.
 17994 | D:12     | Noticed ciphuk's ghost (journeyman TrMo)
 18281 | D:12     | Reached ****** piety under Wu Jian
 18613 | D:12     | Found a transporter.
 18761 | D:12     | Reached skill level 5 in Armour
 18886 | D:13     | Found a frozen archway.
 18923 | IceCv    | Entered an ice cave
 19218 | IceCv    | Found an ancient bone altar of Kikubaaqudgha.
 19795 | IceCv    | Got the Teachings on Firn and Last Rites
 20161 | D:13     | Found a runed translucent gate.
 20161 | D:13     | Found a runed translucent gate.
 20161 | D:13     | Found a runed translucent gate.
 20161 | D:13     | Found an iron altar of Okawaru.
 20161 | D:13     | Noticed Xelujo's ghost (journeyman MfTm)
 20460 | D:13     | Identified the +3 dire flail "Feck" {pain, Dex+4 Stlth-}
 21573 | D:5      | Killed tadhg's ghost
 21647 | D:6      | Killed Leissi's ghost
 21860 | D:9      | Killed Salticid's ghost
 21902 | D:9      | Identified the +8 war axe "Hyisior" {drain, Int+4}
 22182 | D:14     | Noticed Ebifuf's ghost (journeyman MiMo)
 22182 | D:14     | Found a runed translucent door.
 22334 | D:14     | Reached XP level 15. HP: 132/139 MP: 12/14
 22594 | D:14     | Reached skill level 15 in Fighting
 22621 | D:14     | Identified the ring "Pekiczim" {+Blink Int-2 Dex+6 Stlth+}
 22633 | D:14     | Identified the +7 morningstar of Strategic Superiority
                  | {vamp, rF+++}
 22662 | D:14     | Noticed Frances
 24049 | D:14     | Killed Frances
 24162 | D:14     | Noticed Nessos
 24199 | D:14     | Killed Nessos
 24528 | D:14     | Found a sparkling altar of Nemelex Xobeh.
 24629 | Abyss:3  | Cast into level 3 of the Abyss (a wizard)
 24715 | Abyss:3  | Reached XP level 16. HP: 54/152 MP: 4/15
 24719 | Abyss:3  | Reached skill level 10 in Armour
 24750 | Abyss:3  | Got an abyssal rune of Zot
 24752 | Abyss:3  | Noticed a tentacled starspawn
 24770 | Abyss:3  | Noticed a tentacled starspawn
 24782 | Abyss:3  | Noticed a bone dragon
 24784 | D:14     | Escaped the Abyss
 25179 | D:14     | Identified a scroll of acquirement
 25179 | D:14     | Acquired 464 gold pieces
 25434 | D:14     | Found a gate to the Vaults.
 25707 | D:15     | Entered Level 15 of the Dungeon
 25751 | D:15     | Found a staircase to the Depths.
 26884 | Depths:1 | Entered Level 1 of the Depths
 26888 | Depths:1 | Noticed a lich
 26892 | Depths:1 | Killed a lich
 26915 | Depths:1 | Identified the +0 robe of the Buccaneer {rElec}
 27262 | Depths:1 | Found a one-way gate leading to the halls of Pandemonium.
 27504 | Depths:1 | Found a hazy altar of Hepliaklqana.
 27624 | Depths:1 | Noticed an azure jelly
 27624 | Depths:1 | Noticed a rockslime
 27624 | Depths:1 | Noticed an azure jelly
 27629 | Depths:1 | Noticed an azure jelly
 27634 | Depths:1 | Noticed an acid blob
 27635 | Depths:1 | Noticed an acid blob
 27637 | Depths:1 | Noticed an acid blob
 27639 | Depths:1 | Noticed a rockslime
 27817 | Depths:1 | Killed a rockslime
 27852 | Depths:1 | Paralysed by a great orb of eyes for 3 turns
 27888 | Depths:1 | Reached XP level 17. HP: 141/159 MP: 13/16
 27916 | Depths:1 | Killed an acid blob
 27959 | Depths:1 | Noticed an acid blob
 28037 | Depths:1 | Found a one-way gate to the infinite horrors of the Abyss.
 28333 | Depths:1 | Killed an acid blob
 28571 | Depths:1 | Killed an acid blob
 28647 | Depths:1 | Found a viscous altar of Jiyva.
 28870 | Depths:1 | Killed an acid blob
 29108 | Depths:1 | Found a gateway to Hell.
 29519 | Snake:1  | Entered Level 1 of the Snake Pit
 29521 | Snake:1  | Noticed Louise
 29532 | Snake:1  | Killed Louise
 30250 | Snake:2  | Noticed Asterion
 30260 | Snake:1  | Noticed an Executioner
 30265 | Snake:1  | HP: 2/159 [Executioner[Asterion] (15)]
 30268 | Snake:1  | Killed Asterion
 30940 | Snake:2  | Found Ycuogut's Magic Scroll Shoppe.
 30940 | Snake:2  | Noticed Azrael
 30941 | Snake:2  | Noticed Aizul
 30947 | Snake:2  | Killed Azrael
 30948 | Snake:2  | Reached skill level 27 in Unarmed Combat
 30962 | Snake:2  | Killed Aizul
 31168 | Snake:2  | Bought a scroll of acquirement for 832 gold pieces
 31168 | Snake:2  | Bought a scroll of teleportation for 48 gold pieces
 31168 | Snake:2  | Bought a scroll of teleportation for 48 gold pieces
 31168 | Snake:2  | Bought a scroll of fog for 64 gold pieces
 31168 | Snake:2  | Bought a scroll of fear for 64 gold pieces
 31168 | Snake:2  | Bought a scroll of teleportation for 48 gold pieces
 31168 | Snake:2  | Bought a scroll of butterflies for 64 gold pieces
 31168 | Snake:2  | Acquired the +1 cloak of the Equator {rF+ Dex+3}
 31300 | Snake:2  | Noticed Vashnia
 31535 | Snake:2  | Killed Vashnia
 31536 | Snake:2  | Reached skill level 1 in Evocations
 31773 | Snake:2  | Found Irghoaqo's General Store.
 31840 | Snake:2  | Bought a scroll of teleportation for 45 gold pieces
 32494 | Snake:3  | Reached XP level 18. HP: 165/169 MP: 15/17
 33400 | Snake:4  | Entered Level 4 of the Snake Pit
 33939 | Snake:4  | Noticed Saint Roka
 33946 | Snake:4  | Killed Saint Roka
 35305 | Snake:4  | Got a serpentine rune of Zot
 35615 | Shoals:1 | Entered Level 1 of the Shoals
 36053 | Shoals:1 | Reached XP level 19. HP: 180/180 MP: 18/18
 36073 | Shoals:1 | Reached skill level 5 in Evocations
 36419 | Orc:1    | Entered Level 1 of the Orcish Mines
 36419 | Orc:1    | Noticed Snorg
 36420 | Orc:1    | Noticed Erica
 36423 | Orc:1    | Killed Snorg
 36435 | Orc:1    | Killed Erica
 36701 | Orc:1    | Identified the +2 hat "Kuto" {rPois MP+9 SInv}
 36802 | Orc:2    | Entered Level 2 of the Orcish Mines
 36894 | Orc:2    | Noticed Blork the orc
 36906 | Orc:2    | Killed Blork the orc
 37013 | Orc:2    | Found Plog's Antique Weapon Boutique.
 37015 | Orc:2    | Found Iharr's Antique Armour Boutique.
 37023 | Orc:2    | Found Zoshogril's Book Boutique.
 37137 | Orc:2    | Found Peick's General Store.
 37395 | Orc:2    | Found a staircase to the Elven Halls.
 37539 | Orc:2    | Bought a scroll of teleportation for 33 gold pieces
 37539 | Orc:2    | Bought a potion of resistance for 110 gold pieces
 37539 | Orc:2    | Bought a wand of mindburst (8) for 123 gold pieces
 37539 | Orc:2    | Bought a wand of flame (12) for 92 gold pieces
 37584 | Elf:1    | Entered Level 1 of the Elven Halls
 37659 | Elf:1    | Found a radiant altar of Vehumet.
 37663 | Elf:1    | Paralysed by an air elemental for 1 turns
 37665 | Elf:1    | Reached skill level 5 in Dodging
 37748 | Elf:1    | Found Hyri's Antique Weapon Boutique.
 37782 | Elf:1    | Found Kitet's Jewellery Shoppe.
 37783 | Elf:1    | Found Zymepsic's Book Shop.
 37784 | Elf:1    | Found Vaggos's Jewellery Shoppe.
 37809 | Elf:1    | Bought the ring of the Hare {EV+10} for 1408 gold pieces
 37809 | Elf:1    | Found the ring of the Hare {EV+10}
 37830 | Elf:1    | Found Kiegayto's Magic Scroll Shop.
 37839 | Elf:1    | Bought a scroll of enchant armour for 135 gold pieces
 37839 | Elf:1    | Bought a scroll of magic mapping for 135 gold pieces
 37839 | Elf:1    | Bought a scroll of teleportation for 54 gold pieces
 37971 | Elf:1    | Noticed Agnes
 37978 | Elf:1    | Killed Agnes
 38128 | Elf:1    | Found Noewi's Antique Weapon Emporium.
 38134 | Elf:1    | Found Fitung's Weapon Emporium.
 38342 | Elf:1    | Found Dapt's Assorted Antiques.
 38700 | Elf:1    | Learned a level 2 spell: Blink
 39062 | Shoals:2 | Noticed Donald
 39063 | Shoals:2 | Noticed Ilsuiw
 39183 | Shoals:1 | Found the +7 captain's cutlass {speed, disarm}
 39460 | Shoals:2 | Killed Ilsuiw
 39817 | Shoals:2 | Killed Donald
 40104 | Shoals:2 | Noticed Roxanne
 40111 | Shoals:2 | Killed Roxanne
 40747 | Shoals:3 | Found a hide-covered altar of Uskayaw.
 40768 | Shoals:3 | Reached XP level 20. HP: 149/193 MP: 12/19
 40891 | Shoals:3 | Identified the +4 longbow "Jaheucku" {elec, Dex+5}
 40928 | Shoals:3 | Noticed Kirke
 40943 | Shoals:3 | Killed Kirke
 41323 | Shoals:4 | Entered Level 4 of the Shoals
 41323 | Shoals:4 | Noticed Polyphemus
 41347 | Shoals:3 | Killed Polyphemus
 41853 | Shoals:4 | Identified the ring of Ricucosa {Str+6 Slay+6 Stlth+}
 41949 | Shoals:4 | Got a barnacled rune of Zot
 42640 | Depths:2 | Found a transporter.
 42924 | Depths:2 | Noticed a golden dragon
 42934 | Depths:2 | Killed a golden dragon
 42964 | Depths:2 | Noticed a golden dragon
 42966 | Depths:2 | Killed a golden dragon
 43127 | Depths:2 | Reached XP level 21. HP: 209/209 MP: 20/20
 43568 | Depths:2 | Found a transporter.
 44102 | Depths:3 | Noticed Boris
 44118 | Depths:3 | Killed Boris
 44296 | Depths:3 | Reached skill level 15 in Armour
 44784 | Depths:3 | Noticed a golden dragon
 44789 | Depths:3 | Killed a golden dragon
 45122 | Depths:4 | Entered Level 4 of the Depths
 45206 | Depths:3 | Noticed a golden dragon
 45209 | Depths:3 | Found a runed translucent door.
 45689 | Depths:3 | Killed a golden dragon
 45793 | Depths:3 | Found a runed translucent door.
 45829 | Depths:3 | Found a runed translucent door.
 45835 | Depths:3 | Found a runed translucent door.
 45919 | Depths:3 | Identified the +5 halberd "Hulk" {pain, Will+ rCorr Int+2}
 46008 | Depths:4 | Found a one-way gateway to a ziggurat.
 46206 | Depths:4 | Noticed a golden dragon
 46216 | Depths:4 | Killed a golden dragon
 46229 | Depths:4 | Reached XP level 22. HP: 219/224 MP: 19/21
 46298 | Depths:4 | Found a hide-covered altar of Uskayaw.
 46338 | Depths:4 | Noticed a golden dragon
 46339 | Depths:4 | Noticed a golden dragon
 46343 | Depths:4 | Killed a golden dragon
 46344 | Depths:4 | Noticed a golden dragon
 46344 | Depths:4 | Killed a golden dragon
 46582 | Depths:4 | Killed a golden dragon
 46707 | Depths:4 | Found a gate to the Realm of Zot.
 46785 | Depths:4 | Found a shimmering altar of Xom.
 46815 | Depths:4 | Found a hazy altar of Hepliaklqana.
 46815 | Depths:4 | Found a radiant altar of Vehumet.
 46815 | Depths:4 | Found a hide-covered altar of Uskayaw.
 46991 | Vaults:1 | Entered Level 1 of the Vaults
 47264 | Vaults:1 | Identified the +0 falchion of Yqoyxog {elec, Int+2 Dex+2}
 48249 | Vaults:2 | Found a staircase to the Crypt.
 48285 | Vaults:2 | Noticed Nikola
 48291 | Vaults:2 | Killed Nikola
 49125 | Vaults:3 | Reached XP level 23. HP: 237/237 MP: 19/22
 49173 | Vaults:3 | Noticed an ancient lich
 49202 | Vaults:3 | Killed an ancient lich
 49319 | Vaults:3 | Noticed Sojobo
 49328 | Vaults:3 | Killed Sojobo
 49899 | Vaults:3 | Reached skill level 27 in Fighting
 49953 | Vaults:3 | Noticed Jory
 49963 | Vaults:3 | Killed Jory
 51293 | Vaults:4 | Paralysed by a great orb of eyes for 4 turns
 52058 | Vaults:4 | Found Wiebium's Magic Scroll Emporium.
 52061 | Vaults:4 | Bought a scroll of torment for 180 gold pieces
 52061 | Vaults:4 | Bought a scroll of blinking for 142 gold pieces
 52061 | Vaults:4 | Bought 2 scrolls of enchant armour for 285 gold pieces
 52061 | Vaults:4 | Bought a scroll of teleportation for 57 gold pieces
 52061 | Vaults:4 | Bought a scroll of fog for 76 gold pieces
 52274 | Vaults:4 | Found a runed translucent gate.
 52274 | Vaults:4 | Found a runed translucent gate.
 52274 | Vaults:4 | Found a runed translucent gate.
 52274 | Vaults:4 | Noticed Kallu's ghost (adept DrAE)
 52283 | Vaults:4 | Killed Kallu's ghost
 52540 | Vaults:5 | Entered Level 5 of the Vaults
 52550 | Vaults:5 | Reached XP level 24. HP: 249/249 MP: 20/22
 52964 | Vaults:5 | Identified the staff of poison "Kivarch" {rPois Str+3}
 53202 | Vaults:5 | Got a silver rune of Zot
 53664 | Vaults:5 | Identified the +7 chain mail of Tulips {rPois}
 53671 | Vaults:5 | Got the Atlas of the Bouncing Friends
 54296 | Slime:1  | Entered Level 1 of the Pits of Slime
 54310 | Slime:1  | You fall into a shaft and drop 1 floor!
 54368 | Slime:1  | Reached skill level 10 in Dodging
 54912 | Slime:2  | Reached XP level 25. HP: 257/257 MP: 19/22
 55926 | Slime:5  | Entered Level 5 of the Pits of Slime
 56148 | Slime:5  | Noticed the Royal Jelly
 56362 | Slime:5  | Killed the Royal Jelly
 57145 | Slime:5  | Identified the staff of cold "Qexuemu" {rC+ Int+3}
 57155 | Slime:5  | Got the Precepts of Blight
 57211 | Slime:5  | Identified the +1 robe "Edequles" {rF+ Str+3}
 57222 | Slime:5  | Got a slimy rune of Zot
 57240 | Slime:5  | Identified the staff of conjuration "Jizun" {rPois Will+}
 57597 | Orc:2    | Bought a glimmering buckler for 180 gold pieces
 57597 | Orc:2    | Identified the +1 buckler "Voeliots" {rCorr} (You bought it
                  | in a shop on level 2 of the Orcish Mines)
 57697 | Elf:2    | Paralysed by an air elemental for 1 turns
 57778 | Elf:2    | Reached skill level 1 in Shields
 58015 | Elf:2    | Found a runed translucent gate.
 58015 | Elf:2    | Found a runed translucent gate.
 58017 | Elf:2    | Found a runed translucent gate.
 58032 | Elf:2    | Identified the +11 flail of the Morning {pain, rN+ Str+4}
 58042 | Elf:2    | Found Xuischoe's Antique Weapon Emporium.
 58181 | Elf:3    | Entered Level 3 of the Elven Halls
 58200 | Elf:3    | Noticed Zenata
 58209 | Elf:3    | Killed Zenata
 58551 | Elf:3    | Reached skill level 5 in Shields
 59037 | Abyss:3  | Found a corrupted altar of Lugonu.
 59037 | Abyss:3  | Cast into level 3 of the Abyss (a deep elf demonologist)
 59115 | Elf:3    | Escaped the Abyss
 59369 | Elf:3    | Identified the orb of Lifelessness {mayhem, Harm Fly Str-5}
 59384 | Elf:3    | Identified the +2 ring mail of Agajizanoi {Will+}
 59555 | Elf:3    | Identified the +0 ring mail of Dim Light {Will+}
 59669 | Elf:3    | Identified the staff of earth "Gaecvor" {Str+2}
 59671 | Elf:3    | Identified the +9 morningstar "Orb Guardian's Peril" {elec,
                  | rPois rN+ Will+ SInv}
 59671 | Elf:3    | Identified the ring "Iwucim" {rPois rF+ rCorr Int+2}
 59693 | Elf:3    | Got the Spellbook of the Geological Crevasse
 60069 | Zot:1    | Entered Level 1 of the Realm of Zot
 60318 | Zot:1    | Acquired a manual of Summonings
 60345 | Zot:1    | Reached XP level 26. HP: 235/266 MP: 1/22
 60401 | Zot:1    | Reached skill level 10 in Shields
 60471 | Zot:1    | Identified the +1 robe "Soseecahe" {rN++}
 60676 | Zot:1    | Paralysed by you for 2 turns
 60772 | Zot:1    | Identified the +5 ring mail "Laculeu" {+Inv rF++ Str-3
                  | Int+3}
 60773 | Zot:1    | Identified the +0 mace "Mafuyrph" {freeze, Fragile rElec
                  | rCorr Stlth+}
 60774 | Zot:1    | Identified the +0 chain mail of the Sparrow {-Cast *Slow
                  | rPois Regen+}
 61388 | Zot:2    | Noticed a Killer Klown
 61395 | Zot:2    | Reached skill level 10 in Evocations
 61409 | Zot:2    | Killed a Killer Klown
 61673 | Zot:2    | You fall into a shaft and drop 2 floors!
 61728 | Zot:3    | Found the +4 dragonskin cloak
 61728 | Zot:3    | Noticed Tiamat
 61850 | Zot:4    | Acquired 606 gold pieces
 61953 | Zot:4    | Noticed Vv
 61963 | Zot:4    | Killed Vv
 62189 | Zot:4    | Reached XP level 27. HP: 273/273 MP: 22/22
 62750 | Zot:3    | Noticed an orb of fire
 63666 | Zot:3    | Killed Tiamat
 63952 | Zot:3    | Killed an orb of fire
 64314 | Zot:3    | Reached skill level 15 in Shields
 64879 | Crypt:1  | Entered Level 1 of the Crypt
 65753 | Crypt:2  | Noticed Boris
 65852 | Crypt:2  | Reached skill level 15 in Evocations
 66012 | Crypt:2  | Noticed Xtahua
 66015 | Crypt:2  | Killed Boris
 66016 | Crypt:2  | Killed Xtahua
 66647 | Crypt:3  | Entered Level 3 of the Crypt
 66983 | Crypt:3  | Found a basalt altar of Yredelemnul.
 66992 | Crypt:3  | Noticed a dread lich
 67000 | Crypt:3  | Paralysed by a dread lich for 3 turns
 67003 | Crypt:3  | Killed a dread lich
 67052 | Crypt:3  | Identified the staff of conjuration "Lazxaeth" {rCorr SInv}
 67054 | Crypt:3  | Identified the +3 short sword of Tefemoutt {heavy, Stlth+}
 67154 | Crypt:3  | Identified the ring "Qyagoid" {rElec rPois rN+ Stlth+}
 67154 | Crypt:3  | Identified the ring of Mumpyon {*Slow rN+ Int+4}
 67154 | Crypt:3  | Identified the ring of Jusijoaw {*Slow rN+ Dex+7}
 67202 | Crypt:3  | Got the Opusculum on the Catacomb
 67419 | Crypt:3  | Found a staircase to the Tomb.
 67916 | Crypt:3  | Acquired 656 gold pieces
 67918 | Crypt:3  | Acquired a manual of Dodging
 68040 | Crypt:3  | Identified the staff of poison "Muebask" {*Slow rPois rN+
                  | Int+3}
 68301 | Tomb:1   | Entered Level 1 of the Tomb of the Ancients
 68684 | Tomb:1   | Paralysed by a sphinx for 4 turns
 68789 | Tomb:1   | Noticed a royal mummy
 68808 | Tomb:1   | Noticed a royal mummy
 68818 | Tomb:1   | Killed a royal mummy
 68835 | Tomb:1   | Killed a royal mummy
 69630 | Tomb:2   | Noticed a royal mummy
 69630 | Tomb:2   | Noticed a royal mummy
 69630 | Tomb:2   | Noticed a royal mummy
 69633 | Tomb:2   | Noticed a royal mummy
 69639 | Tomb:2   | Killed a royal mummy
 69654 | Tomb:2   | Killed a royal mummy
 69667 | Tomb:2   | Killed a royal mummy
 69682 | Tomb:2   | Killed a royal mummy
 70241 | Tomb:1   | Noticed a royal mummy
 70250 | Tomb:1   | Killed a royal mummy
 70260 | Tomb:1   | Noticed a royal mummy
 70270 | Tomb:1   | Noticed a royal mummy
 70274 | Tomb:1   | Killed a royal mummy
 70280 | Tomb:1   | Killed a royal mummy
 70338 | Tomb:1   | Noticed a royal mummy
 70340 | Tomb:1   | Noticed a royal mummy
 70341 | Tomb:1   | Killed a royal mummy
 70344 | Tomb:1   | Noticed a royal mummy
 70353 | Tomb:1   | Killed a royal mummy
 70355 | Tomb:1   | Noticed a royal mummy
 70357 | Tomb:1   | Killed a royal mummy
 70369 | Tomb:1   | Noticed a royal mummy
 70372 | Tomb:1   | Noticed a royal mummy
 70373 | Tomb:1   | Noticed a royal mummy
 70376 | Tomb:1   | Noticed a royal mummy
 70731 | Tomb:1   | Noticed a royal mummy
 70737 | Tomb:1   | Killed a royal mummy
 70738 | Tomb:1   | Noticed a royal mummy
 70748 | Tomb:1   | Killed a royal mummy
 70760 | Tomb:1   | Killed a royal mummy
 70775 | Tomb:1   | Killed a royal mummy
 70783 | Tomb:1   | Killed a royal mummy
 70941 | Tomb:1   | Noticed a royal mummy
 70949 | Tomb:1   | Killed a royal mummy
 71130 | Tomb:1   | Killed a royal mummy
 71297 | Tomb:1   | Killed a royal mummy
 71325 | Tomb:1   | Noticed a royal mummy
 71325 | Tomb:1   | Noticed a royal mummy
 71342 | Tomb:1   | Killed a royal mummy
 71342 | Tomb:1   | Noticed a royal mummy
 71343 | Tomb:1   | Reached skill level 15 in Dodging
 71347 | Tomb:1   | Killed a royal mummy
 71353 | Tomb:1   | Killed a royal mummy
 71401 | Tomb:1   | Noticed a royal mummy
 71401 | Tomb:1   | Noticed a royal mummy
 71410 | Tomb:1   | Noticed a royal mummy
 71412 | Tomb:1   | Killed a royal mummy
 71414 | Tomb:1   | Noticed a royal mummy
 71414 | Tomb:1   | Noticed a royal mummy
 71417 | Tomb:1   | Killed a royal mummy
 71436 | Tomb:1   | Noticed a royal mummy
 71863 | Tomb:1   | Killed a royal mummy
 71865 | Tomb:1   | Noticed a royal mummy
 71908 | Tomb:1   | Killed a royal mummy
 72269 | Tomb:1   | Killed a royal mummy
 72289 | Tomb:1   | Noticed a royal mummy
 72298 | Tomb:1   | Killed a royal mummy
 72328 | Tomb:1   | Noticed a royal mummy
 72350 | Tomb:1   | Killed a royal mummy
 72360 | Tomb:1   | Killed a royal mummy
 72424 | Tomb:1   | Killed a royal mummy
 72656 | Tomb:3   | Entered Level 3 of the Tomb of the Ancients
 72675 | Tomb:3   | Noticed a royal mummy
 72688 | Tomb:3   | Noticed a royal mummy
 72698 | Tomb:3   | Identified the ring "Tucymneu" {Fly Will+++}
 72698 | Tomb:3   | Found the +7 sceptre of Torment {pain, torment}
 72707 | Tomb:3   | Identified the amulet "Pagelu" {Regen+ Str+2 SInv}
 73043 | Tomb:3   | Noticed a royal mummy
 73051 | Tomb:3   | Killed a royal mummy
 73052 | Tomb:3   | Killed a royal mummy
 73062 | Tomb:3   | Noticed a royal mummy
 73071 | Tomb:3   | Killed a royal mummy
 73086 | Tomb:3   | Killed a royal mummy
 73159 | Tomb:3   | Noticed a royal mummy
 73164 | Tomb:3   | Killed a royal mummy
 73504 | Tomb:3   | Identified the amulet "Loasueteta" {Acrobat rPois Dex+6}
 73521 | Tomb:3   | Got the Papyrus of Glaciation and Transfiguration
 73564 | Tomb:3   | Identified the staff of fire "Qyckiyta" {rF+ Will+ SInv}
 73577 | Tomb:3   | Identified the +3 mace of Sovym {freeze, rF+ Will- Str+4
                  | Int+2}
 73578 | Tomb:3   | Identified the +3 lajatang of Eternal Vigilance {flame, rC+
                  | Dex+2}
 73603 | Tomb:3   | Noticed a royal mummy
 73615 | Tomb:3   | Killed a royal mummy
 73854 | Tomb:3   | Noticed a royal mummy
 73862 | Tomb:3   | Killed a royal mummy
 74040 | Tomb:3   | Noticed a royal mummy
 74056 | Tomb:3   | Killed a royal mummy
 74107 | Tomb:3   | Noticed a royal mummy
 74138 | Tomb:3   | Killed a royal mummy
 74330 | Tomb:3   | Got a golden rune of Zot
 74893 | Zot:5    | Entered Level 5 of the Realm of Zot
 75244 | Zot:5    | Noticed an orb of fire
 75244 | Zot:5    | Noticed a dread lich
 75254 | Zot:5    | Killed a dread lich
 75255 | Zot:5    | Killed an orb of fire
 75494 | Zot:5    | Noticed an ancient lich
 75511 | Zot:5    | Killed an ancient lich
 75535 | Zot:5    | Noticed an ancient lich
 75550 | Zot:5    | Killed an ancient lich
 75751 | Zot:5    | Noticed a dread lich
 75760 | Zot:5    | Noticed an orb of fire
 75778 | Zot:5    | Killed an orb of fire
 75783 | Zot:5    | Paralysed by a dread lich for 3 turns
 75787 | Zot:5    | Killed a dread lich
 76521 | Zot:5    | Noticed an ancient lich
 76529 | Zot:5    | Killed an ancient lich
 76530 | Zot:5    | Reached skill level 27 in Armour
 76938 | Pan      | Entered Pandemonium
 76947 | Pan      | Noticed Huat the pandemonium lord
 77006 | Pan      | Killed Huat the pandemonium lord
 77786 | Pan      | Found a runed translucent door.
 77800 | Pan      | Got a demonic rune of Zot
 78396 | Pan      | Identified the +0 ring mail "Sagefib" {Slay+2}
 78398 | Pan      | Found an exit through the horrors of the Abyss.
 78590 | Pan      | Noticed Fisenejo the pandemonium lord
 78594 | Pan      | Identified the +5 scale mail of Resilience {*Corrode rElec
                  | rPois rN+}
 78595 | Pan      | Killed Fisenejo the pandemonium lord
 79025 | Pan      | Entered the realm of Cerebov.
 79972 | Pan      | Identified the +4 whip of Hogink {freeze, Dex+4}
 79973 | Pan      | Identified the staff of air "Ujiwyrr" {rElec rC++ Str+5
                  | Int-3}
 79981 | Pan      | Found the +6 sword of Cerebov {flame}
 79981 | Pan      | Noticed Cerebov
 80003 | Pan      | Killed Cerebov
 80356 | Pan      | Identified the +7 morningstar "Saluh" {heavy, Str+5}
 80356 | Pan      | Identified the +2 robe "Daluel" {Str+2 Dex+3 Slay+3}
 80366 | Pan      | Identified the +4 battleaxe of the Desolation of Salt
                  | {heavy, Int+3 Dex+4}
 80430 | Pan      | Identified the +1 trident "Cuckidai" {vamp, rF++ Dex+3}
 80433 | Pan      | Got the Secrets of the Neverending Xalams
 80503 | Pan      | Got a fiery rune of Zot
 80697 | Pan      | Noticed Ceoh Jyo the pandemonium lord
 80743 | Pan      | Killed Ceoh Jyo the pandemonium lord
 80950 | Pan      | Identified the +3 long sword of Lusafix {drain, rCorr
                  | Dex+5}
 81065 | Pan      | Found an exit through the horrors of the Abyss.
 81105 | Pan      | Identified the ring "Omontiob" {rPois Will+}
 81735 | Pan      | Found a huge runed translucent gate.
 81742 | Pan      | Found a huge runed translucent gate.
 81810 | Pan      | Found a huge runed translucent gate.
 81811 | Pan      | Found a huge runed translucent gate.
 81812 | Pan      | Found a huge runed translucent gate.
 81813 | Pan      | Found a huge runed translucent gate.
 81814 | Pan      | Found a huge runed translucent gate.
 81824 | Pan      | Noticed Nagag the pandemonium lord
 81836 | Pan      | Killed Nagag the pandemonium lord
 82477 | Pan      | Noticed Zeeckem the pandemonium lord
 82484 | Pan      | Killed Zeeckem the pandemonium lord
 82839 | Pan      | Found an exit through the horrors of the Abyss.
 83490 | Pan      | Found a runed translucent door.
 83502 | Pan      | Found a runed translucent door.
 83514 | Pan      | Found a runed translucent door.
 83514 | Pan      | Found a runed translucent door.
 84202 | Pan      | Noticed Timizet the pandemonium lord
 84217 | Pan      | Killed Timizet the pandemonium lord
 84316 | Pan      | Identified the +4 spear of Kismet {speed, Int+3}
 85376 | Pan      | Entered the realm of Lom Lobon.
 85380 | Pan      | Found an exit through the horrors of the Abyss.
 85418 | Pan      | Noticed Mennas
 85433 | Pan      | Killed Mennas
 85744 | Pan      | Reached skill level 27 in Shields
 86061 | Pan      | Identified the +1 barding of Truth {Rampage}
 86169 | Pan      | Noticed Lom Lobon
 86202 | Pan      | Killed Lom Lobon
 86372 | Pan      | Got a magical rune of Zot
 86513 | Pan      | Found an exit through the horrors of the Abyss.
 87071 | Pan      | Noticed Geerhuit the pandemonium lord
 87077 | Pan      | Killed Geerhuit the pandemonium lord
 87288 | Pan      | Identified the ring of the Philosopher {rN+ Int+2}
 87479 | Pan      | Reached skill level 1 in Stealth
 87590 | Pan      | Entered the realm of Mnoleg.
 87758 | Pan      | Noticed Mnoleg
 87778 | Pan      | Killed Mnoleg
 87788 | Pan      | Reached skill level 5 in Stealth
 87944 | Pan      | Found an exit through the horrors of the Abyss.
 87945 | Pan      | Paralysed by a great orb of eyes for 5 turns
 88414 | Pan      | Got a glowing rune of Zot
 88820 | Pan      | Noticed Kesmor the pandemonium lord
 88823 | Pan      | Killed Kesmor the pandemonium lord
 89090 | Pan      | Found an exit through the horrors of the Abyss.
 89376 | Pan      | Noticed Yprunt the pandemonium lord
 89395 | Pan      | Killed Yprunt the pandemonium lord
 90259 | Pan      | Entered the realm of Gloorx Vloq.
 90283 | Pan      | Found an exit through the horrors of the Abyss.
 90887 | Pan      | Noticed Gloorx Vloq
 90896 | Pan      | Killed Gloorx Vloq
 90992 | Pan      | Got a dark rune of Zot
 91168 | Depths:2 | Escaped Pandemonium
 91242 | Zig:1    | Entered Level 1 of a ziggurat
 91261 | Zig:2    | Entered Level 2 of a ziggurat
 91290 | Zig:3    | Entered Level 3 of a ziggurat
 91325 | Zig:3    | Identified the staff of earth "Jekhaj" {rC+ Str+7 Int-5
                  | Dex-5}
 91343 | Zig:4    | Entered Level 4 of a ziggurat
 91502 | Zig:5    | Entered Level 5 of a ziggurat
 91525 | Zig:6    | Entered Level 6 of a ziggurat
 91623 | Zig:7    | Entered Level 7 of a ziggurat
 91824 | Zig:7    | Identified the ring "Wangon" {rF+ rN+ Slay+4}
 91833 | Zig:7    | Identified the +3 arbalest "Zucw" {speed, Dex+2}
 91836 | Zig:7    | Identified the staff of death "Xokkudeo" {+Blink rN+ Str+3
                  | Int+3}
 91839 | Zig:8    | Entered Level 8 of a ziggurat
 91849 | Zig:8    | Found the +8 mithril axe "Arga" {speed, Will+}
 91895 | Zig:8    | Identified the +8 halberd of the Moon {spect, rElec rCorr
                  | Dex+2}
 91897 | Zig:9    | Entered Level 9 of a ziggurat
 91904 | Zig:9    | Noticed an ancient lich
 91919 | Zig:9    | Killed an ancient lich
 92057 | Zig:9    | Identified the +5 trident of Agony {protect, *Corrode Will+
                  | Int+3 Dex+3}
 92064 | Zig:9    | Identified the +8 sling of Nuimeud {flame, *Corrode rElec
                  | rF+ rN+}
 92080 | Zig:10   | Entered Level 10 of a ziggurat
 92141 | Zig:10   | Identified the +3 flail "Nangiw" {flame, Dex+3}
 92142 | Zig:10   | Identified the +6 flail of Issuips {holy, Int+5 Dex+3}
 92145 | Zig:11   | Entered Level 11 of a ziggurat
 92155 | Zig:11   | Noticed a dread lich
 92175 | Zig:11   | Paralysed by a dread lich for 4 turns
 92189 | Zig:11   | Paralysed by a dread lich for 4 turns
 92210 | Zig:11   | Killed a dread lich
 92386 | Zig:11   | Identified the amulet of Sapnoloetz {Spirit -Tele rPois rN+
                  | Str+3}
 92393 | Zig:11   | Identified the +9 great sword "Ganaupn" {vamp, Fly rN+}
 92402 | Zig:11   | Identified the ring "Ishoam" {rElec Will+}
 92418 | Zig:12   | Entered Level 12 of a ziggurat
 92505 | Zig:12   | Identified the +10 falchion of the Pit {drain, *Rage rElec
                  | MP+9}
 92519 | Zig:12   | Identified the amulet of Eweacw {Spirit Rampage}
 92524 | Zig:13   | Entered Level 13 of a ziggurat
 92691 | Zig:13   | Got Sif Muna's Octavo of Quantum Bringing Forth
 92694 | Zig:13   | Identified the amulet "Piwey" {Acrobat +Inv rC- Regen+
                  | Str+2}
 92696 | Zig:13   | Identified the staff of conjuration "Odimiwn Ykhu" {rC+
                  | Str+3}
 92702 | Zig:13   | Identified the amulet of Zyrow {Spirit rC+ Str+8 Int+2
                  | Dex-2}
 92709 | Zig:14   | Entered Level 14 of a ziggurat
 92909 | Zig:14   | Got the Codex of Liminal Beguiling
 92918 | Zig:14   | Identified the +2 scimitar "Echa Usch" {heavy, Drain rN+
                  | Dex+5}
 92924 | Zig:14   | Identified the +0 scale mail of Jasty {rPois Will- SInv}
 92946 | Zig:15   | Entered Level 15 of a ziggurat
 92966 | Zig:15   | Noticed a dread lich
 92987 | Zig:15   | Killed a dread lich
 93048 | Zig:15   | Identified the +0 hat of the Orange Skies {Stlth+}
 93092 | Zig:16   | Entered Level 16 of a ziggurat
 93265 | Zig:16   | Paralysed by a floating eye for 2 turns
 93274 | Zig:16   | Paralysed by a floating eye for 4 turns
 93279 | Zig:16   | Paralysed by a floating eye for 4 turns
 93291 | Zig:16   | Identified the staff of death "Ojyoroz" {Fly rF+ rN+ Str+4
                  | Int-5}
 93302 | Zig:16   | Identified the amulet of Axoan {Spirit rC+ Dex+2 Slay-5}
 93303 | Zig:16   | Identified the staff of air "Moxix" {rElec Str+2 Int+5}
 93308 | Zig:16   | Identified the amulet of the Empty Page {RegenMP -Tele MP+9
                  | Dex+5}
 93316 | Zig:16   | Identified the +1 leather armour "Foosch" {rPois Regen+}
 93332 | Hell     | Entered the Vestibule of Hell
 93338 | Hell     | Noticed Murray
 93339 | Hell     | Noticed Geryon
 93399 | Depths:4 | Killed Murray
 93448 | Hell     | Reached skill level 27 in Dodging
 93456 | Hell     | Killed Geryon
 93966 | Hell     | Found a gateway to the decaying netherworld of Tartarus.
 94055 | Hell     | Found a gateway to the freezing wastes of Cocytus.
 94156 | Hell     | Found a gateway to the Iron City of Dis.
 94197 | Hell     | Found a gateway to the ashen valley of Gehenna.
 94249 | Geh:1    | Entered Level 1 of Gehenna
 95360 | Geh:4    | You fall into a shaft and drop 2 floors!
 95426 | Geh:7    | Entered Level 7 of Gehenna
 97051 | Geh:7    | Noticed the Serpent of Hell
 97068 | Geh:7    | Killed the Serpent of Hell
 97734 | Geh:7    | Identified the amulet "Toduda" {Regen+ Dex+4}
 97793 | Geh:7    | Found the +13 sceptre of Asmodeus
 97793 | Geh:7    | Noticed Asmodeus
 97804 | Geh:7    | Killed Asmodeus
 97956 | Geh:7    | Identified the +9 hand axe of Certain Death {venom, Fly}
 97974 | Geh:7    | Identified the staff of earth "Qihicoig" {rF++ Int+3 Dex-4
                  | SInv}
 97975 | Geh:7    | Identified the ring "Juadud" {Wiz rElec}
 97979 | Geh:7    | Identified the +4 demon blade "Raisin" {drain, rN+ rCorr
                  | Str+2}
 97985 | Geh:7    | Identified the staff of air "Silom Usas" {+Blink rElec}
 97992 | Geh:7    | Identified the +7 chain mail of Negligence {Harm rPois
                  | Str-4 Int+5}
 98001 | Geh:7    | Got an obsidian rune of Zot
 98411 | Tar:1    | Entered Level 1 of Tartarus
 99090 | Tar:3    | Noticed an ancient lich
 99108 | Tar:3    | Killed an ancient lich
 99840 | Tar:5    | Noticed a dread lich
 99841 | Tar:5    | Noticed a dread lich
 99841 | Tar:5    | Noticed a dread lich
 99841 | Tar:5    | Noticed a dread lich
 99841 | Tar:5    | Noticed a dread lich
 99842 | Tar:5    | Noticed an ancient lich
 99844 | Tar:5    | Killed a dread lich
 99845 | Tar:5    | Paralysed by a dread lich for 3 turns
 99848 | Tar:5    | Killed a dread lich
 99851 | Tar:5    | Killed a dread lich
 99851 | Tar:5    | Killed a dread lich
 99851 | Tar:5    | Killed an ancient lich
 99863 | Tar:5    | Killed a dread lich
100655 | Tar:7    | Entered Level 7 of Tartarus
100792 | Tar:7    | Noticed a dread lich
100803 | Tar:7    | Killed a dread lich
103351 | Tar:7    | Noticed Ereshkigal
103371 | Tar:7    | Killed Ereshkigal
103710 | Tar:7    | Identified the ring "Otzo Nuhafi" {MP+9 Dex+3}
103713 | Tar:7    | Got a bone rune of Zot
103719 | Tar:7    | Identified the +0 ring mail of Atheism {rPois rF- Str+3}
103979 | Dis:1    | Entered Level 1 of the Iron City of Dis
103980 | Dis:1    | Noticed an ancient lich
104008 | Dis:1    | Killed an ancient lich
105572 | Dis:6    | Reached skill level 27 in Evocations
105807 | Dis:6    | Reached skill level 1 in Spellcasting
105931 | Dis:7    | Entered Level 7 of the Iron City of Dis
106689 | Dis:7    | Reached skill level 5 in Spellcasting
107698 | Dis:7    | Noticed a dread lich
107705 | Dis:7    | Killed a dread lich
107720 | Dis:7    | Reached skill level 1 in Translocations
108159 | Dis:7    | Noticed Dispater
108362 | Dis:7    | Reached skill level 5 in Translocations
108442 | Dis:7    | Reached skill level 10 in Stealth
109176 | Dis:7    | Identified the staff of poison "Asate" {rElec rPois rF+
                  | Str-4 Stlth+}
109177 | Dis:7    | Identified the +3 rapier "Macimihoo" {antimagic, rF+ rN+
                  | Dex+4}
109248 | Dis:7    | Identified the ring "Foriwuc" {Fly Will+}
109252 | Dis:7    | Identified the +6 trident "Lusang" {elec, rF+ Int+3 Dex+3}
109585 | Dis:7    | Killed Dispater
110118 | Dis:7    | Identified the staff of poison "Meucvoru" {rPois rC+ rN+
                  | Str-5 Int+3}
110119 | Dis:7    | Identified the +1 scimitar "Doegosom" {holy, rElec MP+9
                  | Dex+3}
110147 | Dis:7    | Got an iron rune of Zot
110371 | Coc:1    | Entered Level 1 of Cocytus
110733 | Coc:2    | Paralysed by a wendigo for 1 turns
110753 | Coc:2    | Paralysed by a wendigo for 1 turns
110757 | Coc:2    | Reached skill level 15 in Stealth
110759 | Coc:2    | Paralysed by a wendigo for 1 turns
111020 | Coc:2    | Paralysed by a wendigo for 1 turns
111388 | Coc:3    | Paralysed by a wendigo for 1 turns
111634 | Coc:4    | Paralysed by a wendigo for 1 turns
112198 | Coc:5    | You fall into a shaft and drop 1 floor!
112451 | Coc:7    | Entered Level 7 of Cocytus
113356 | Coc:7    | Identified the +4 morningstar of Springtime {protect, Int+4
                  | Dex+4}
113412 | Coc:7    | Paralysed by a wendigo for 1 turns
113422 | Coc:7    | Paralysed by a wendigo for 1 turns
113426 | Coc:7    | Paralysed by a wendigo for 1 turns
113567 | Coc:7    | Paralysed by a wendigo for 1 turns
113575 | Coc:7    | Paralysed by a wendigo for 1 turns
113788 | Coc:7    | Paralysed by a wendigo for 1 turns
113831 | Coc:7    | Got Dispater's Encyclopedia of Tectonic Bombardment
113876 | Coc:7    | Paralysed by a wendigo for 1 turns
114474 | Coc:7    | Identified the staff of cold "Icsie" {Contam rElec rC+
                  | Int+5 Dex+3}
114474 | Coc:7    | Noticed Antaeus
114511 | Coc:7    | Killed Antaeus
114701 | Coc:7    | Got an icy rune of Zot
115013 | Zot:5    | Got the Orb of Zot
115032 | Zot:5    | Noticed a seraph
115035 | Zot:5    | Noticed Leokeus the pandemonium lord
115167 | Zot:2    | Noticed Ivyk the pandemonium lord
115190 | Zot:2    | Killed Ivyk the pandemonium lord
115392 | D:13     | Killed Xelujo's ghost
115407 | D:13     | Identified the +6 eveningstar of the Median {heavy, rF+++
                  | rCorr Str+2}
115573 | D:6      | Noticed Ovupsieng the pandemonium lord
115772 | D:$      | Escaped with the Orb!

Illustrated notes

Levels and vault maps discovered:
D:1:      eino_arrival_water_cross, layout_rooms,
          ebering_ecumenical_altar_abandoned
D:2:      layout_rooms, kennysheep_generic_room_10
D:3:      layout_basic, mainiacjoe_overflow_alcove_2
D:4:      layout_basic, minmay_temple_entry_proselytizer
D:5:      kennysheep_big_flooded_room, layout_cave_pools, ebering_ghost_gozag,
          small_statue_intersection, uniq_crazy_yiuf_cottage, uniq_sigmund
D:6:      layout_cave_pools, mainiacjoe_overflow_paths,
          ebering_ghost_disaster_area, uniq_grinder
D:7:      wad_guarded_room, layout_rooms, cheibriados_altar_1,
          grunt_temple_overflow_forces_of_nature, uniq_prince_ribbit1
D:8:      layout_gridville
D:9:      layout_layer_cave, lair_entry_dummy, gammafunk_ghost_hydra_chop
D:10:     layout_loops_ring, bloody_makhleb, uniq_erolcha, uniq_josephine
D:11:     layout_layer_cave, orc_0_dummy, uniq_lodul
D:12:     layout_cave_pools, nzn_ghost_randoct, ashenzari_conservatory_becter
D:13:     layout_loops_corners, portal_ice_cave_entry_imps,
          gammafunk_ghost_fury_of_okawaru
D:14:     minmay_the_grid_square_5x5_5x5 [minmay_the_grid_square_5x5_bridge,
          minmay_the_grid_square_5x5_bite,
          minmay_the_grid_square_5x5_intrusive_squares,
          minmay_the_grid_square_5x5_checkered_sparse,
          minmay_the_grid_square_5x5_eight, minmay_the_grid_square_5x5_shuriken,
          minmay_the_grid_square_5x5_prize_monsterx,
          minmay_the_grid_square_5x5_z, minmay_the_grid_square_5x5_prize_itemx,
          minmay_the_grid_square_5x5_three_small,
          minmay_the_grid_square_5x5_pentomino_r,
          minmay_the_grid_square_5x5_plus,
          minmay_the_grid_square_5x5_prize_gold,
          minmay_the_grid_square_5x5_two_walls_a,
          minmay_the_grid_square_5x5_minibox,
          minmay_the_grid_square_5x5_n_small,
          minmay_the_grid_square_5x5_prize_pseudospiral,
          minmay_the_grid_square_5x5_moneybag,
          minmay_the_grid_square_5x5_prize_waves,
          minmay_the_grid_square_5x5_comb, minmay_the_grid_square_5x5_inner_z,
          minmay_the_grid_square_5x5_half_checkered,
          minmay_the_grid_square_5x5_percent,
          minmay_the_grid_square_5x5_inner_v,
          minmay_the_grid_square_5x5_corner], layout_rooms, david_vaults_1,
          serial_rivers, chequers_serial_rivers_marsh,
          chequers_serial_rivers_marsh, chequers_serial_rivers_room_a,
          chequers_serial_rivers_marsh, chequers_serial_rivers_micro_e,
          chequers_serial_rivers_micro_b, ebering_ghost_inner_flame,
          nemelex_diamond_rough_becter, uniq_frances, uniq_nessos
D:15:     gammafunk_depths_entry_grave, layout_loops_cross, minivault_24
Temple:   eino_temple_scatter_basement
Lair:1:   layout_cave_pods, minivault_25
Lair:2:   layout_loops_ring, nicolae_snake_entry_warm_welcome,
          gammafunk_ghost_split, small_statue_intersection,
          grunt_forest_large_clearings, uniq_amaemon
Lair:3:   layout_small_grid, shoals_dummy_entry, st_stairs_12,
          bobbens_dragon_lair_wall
Lair:4:   layout_roguey
Lair:5:   hangedman_lair_in_review, layout_cave_pods, guppyfry_lair_end_dragon,
          minmay_slime_entry_oklob_enclosed
Shoals:1: layout_shoals, nicolae_shoals_hidden_pirate_stash
Shoals:2: layout_shoals, uniq_donald, uniq_ilsuiw, uniq_roxanne
Shoals:3: layout_shoals, regret_index_shoals_crete, uniq_kirke
Shoals:4: shoals_end_hellmonk_lost_city, uniq_polyphemus
Snake:1:  layout_onion_interference, nicolae_snake_single_loop, uniq_louise
Snake:2:  layout_gridlike, serial_shops, shop, serial_bayou_shore_b,
          grunt_megastairs_4, serial_bayou_shore_b, minmay_shop_star,
          uniq_aizul, uniq_vashnia, uniq_azrael, uniq_asterion
Snake:3:  layout_chambers
Snake:4:  grunt_snake_rune_serpentine_throne, layout_cave_town,
          grunt_ministairs_3, uniq_saint_roka
Slime:1:  layout_caves
Slime:2:  layout_caves
Slime:3:  layout_caves
Slime:4:  layout_caves
Slime:5
Orc:1:    layout_caves, hangedman_minor_magic, uniq_snorg, uniq_erica,
          uniq_harold
Orc:2:    grunt_orc_cross, layout_caves
Elf:1:    eino_elf_arrival_altar, layout_geoelf_diagonals, serial_shops, shop,
          nicolae_shop_just_a_little_nook, nicolae_shop_peninsula, shop,
          nicolae_square_shop, evilmike_minifort, minmay_shop_grove, uniq_agnes
Elf:2:    elven_hall_of_blades_hangedman_original
          [nicolae_blade_entry_antechamber], layout_onion_city, serial_shops,
          shop
Elf:3:    minmay_elf_hall_dome, layout_loops_cross, serial_sigils,
          serial_sigils_hangedman_leer, serial_sigils_hangedman_writhe,
          serial_sigils_hangedman_snap, serial_sigils_hangedman_quiver,
          serial_sigils_hangedman_scratch, serial_sigils_hangedman_gnaw,
          corexii_hall_statues_i, uniq_zenata
Vaults:1: nicolae_vaults_diamond_1, vaults_dpeg_encased_lava,
          nicolae_vaults_sightless_eye, vaults_mumra_chevron_long,
          hangedman_vaults_cutoff, nicolae_vaults_turnstiles, v_misc_13,
          ontoclasm_vaults_misaligned, vaults_room_fours, v_rooms_3,
          layout_vaults_omnibox
Vaults:2: grunt_vaults_diagonal, nicolae_vaults_double_plus_2,
          minmay_crypt_entry_simple_round, v_misc_28,
          nicolae_vaults_tetromino_L_1, v_misc_25, vaults_room_octagon,
          hangedman_vaults_unwind, v_misc_1, v_rooms_2, vaults_room_fancy_cross,
          hangedman_vaults_cutoff, layout_vaults_maze, uniq_nikola
Vaults:3: v_pattern_4, ontoclasm_vaults_claustrophobia,
          nicolae_vaults_trapezoid_lopsided_3, v_misc_28, v_alt_pattern_5,
          vaults_standard_mumra_x, nicolae_vaults_surprise_closet,
          dpeg_vaults_monster_box, vaults_room_pools, vaults_room_pool,
          nicolae_vaults_security_offices_2, layout_vaults_big_cross, uniq_jory,
          uniq_sojobo
Vaults:4: ebering_ghost_rock_garden, nicolae_vaults_tetromino_Z_1,
          hangedman_vaults_nodes, vaults_mumra_minichess,
          nicolae_vaults_house_1, ontoclasm_vaults_gateway,
          nicolae_vaults_spaceships, nicolae_vaults_closet_pinwheel_2,
          v_misc_10, nicolae_vaults_diamond_1, layout_vaults_big_room,
          serial_shops, nicolae_shop_rolled_up
Vaults:5
Crypt:1:  layout_gridlike, hex_medium, glass_columns_b, feat_on_display
Crypt:2:  layout_gridlike, st_chilly_death, uniq_xtahua
Crypt:3:  church_of_pain_bobbens, layout_chaotic_city
Tomb:1
Tomb:2
Tomb:3
Depths:1: layout_roguey [special_room_jelly], abyss_entry_small_statue_room,
          nzn_hepliaklqana_mist_gate, hangedman_geh_valley,
          rand_demon_pan_entry_7, evilmike_butchery, serial_bayou_shore_b
Depths:2: minmay_dotted_concentric_squares, layout_cave_pools,
          serial_sigils_hangedman_stare, hangedman_coc_ice_floe,
          rand_demon_pan_entry_4, nicolae_diode_stairs
Depths:3: impenetrable_vault, layout_honeycomb, hangedman_abyss_entry_splay,
          nicolae_figureground_sparkle, hell_entry,
          infiniplex_staircase_pool_lava, uniq_boris
Depths:4: grunt_zot_entry_bicorn, layout_cave_pools, enter_ziggurat_d,
          hell_entry, doesnt_xom_only_xom, hangedman_decor_push
Hell
Dis:1:    layout_regular_city
Dis:2:    layout_regular_city
Dis:3:    layout_regular_city
Dis:4:    layout_subdivisions, nicolae_dis_having_a_grate_time
Dis:5:    layout_gridville, nicolae_hells_fiendish_ambush
Dis:6:    layout_overlapping_boxes, nicolae_hells_seeping_fissure
Dis:7:    iron_city_of_dis [dis_grunt, dis_wall_5], layout_gridville
Geh:1:    layout_gehenna_lava_caves
Geh:2:    layout_gehenna_pools_basic
Geh:3:    layout_gehenna_pools_triple
Geh:4:    nicolae_hells_giants_party, layout_gehenna_pools_basic
Geh:6:    layout_gehenna_lava_caves
Geh:7:    geh_mu
Coc:1:    layout_ice_bergs
Coc:2:    layout_ice_bergs
Coc:3:    layout_cocytus_water_paths
Coc:4:    layout_cocytus_delve
Coc:5:    layout_cocytus_water_paths
Coc:6:    nicolae_coc_on_the_berg
Coc:7:    coc_mu
Tar:1:    layout_grid_maze
Tar:2:    layout_grid_maze
Tar:3:    layout_grid_maze
Tar:4:    layout_honeycomb, nicolae_tar_windowcombs
Tar:5:    layout_honeycomb, nicolae_hells_leichenhalle
Tar:6:    layout_grid_maze
Tar:7:    tar_minmay_river
Zot:1:    gammafunk_mikee_crab_dinner, layout_misc_corridors
Zot:2:    kennysheep_blocky_room, layout_cathedral_of_symmetry, zot_minivault_1
Zot:3:    grunt_twist_and_shout, layout_cathedral_of_symmetry, uniq_tiamat
Zot:4:    layout_misc_corridors, st_stairs_12, uniq_vv
Zot:5:    layout_twisted_circle

Skill      XL: |  1  2  3  4  5  6  7  8  9 10 11 12 13 14 15 16 17 18 19 20 21 22 23 24 25 26 27 |
---------------+----------------------------------------------------------------------------------+-----
Unarmed Combat | 4 5 6 7 8 10 12 15 17 18 20 22 23 25 27 | 27.0
Armour         | 1 4 6 9 10 12 13 14 15 17 19 21 22 27 | 27.0
Fighting       | 8 10 14 16 17 18 20 22 24 26 27 | 27.0
Evocations     | 2 4 7 8 11 27 | 27.0
Dodging        | 4 5 7 10 27 | 27.0
Shields        | 9 13 27 | 27.0
Stealth        | 24 | 24.9
Spellcasting   | 9 |  9.0
Translocations | 6 |  6.0

Action                     |  1- 3 |  4- 6 |  7- 9 | 10-12 | 13-15 | 16-18 | 19-21 | 22-24 | 25-27 || total
---------------------------+-------+-------+-------+-------+-------+-------+-------+-------+-------++-------
  Melee: Unarmed           |    88 |    94 |   209 |   500 |   977 |  1158 |  1538 |  1270 | 13140 || 18974
         Punch             |       |       |       |       |       |    41 |   265 |   251 |    86 ||   643
  Throw: Throwing net      |       |       |       |       |       |       |       |       |     1 ||     1
 Invoke: Serpent's Lash    |       |       |       |     1 |     6 |     4 |       |       |    15 ||    26
         Heavenly Storm    |       |       |       |       |     1 |     1 |       |     3 |    19 ||    24
Ability: Whirlwind         |       |     8 |    59 |    82 |   161 |   159 |   321 |   401 |  3386 ||  4577
         Wall Jump         |       |     5 |    26 |    46 |    72 |    47 |    65 |    39 |   383 ||   683
         Lunge             |       |     2 |    17 |    42 |    89 |   141 |   160 |   123 |   911 ||  1485
  Evoke: Wand              |       |       |       |       |     7 |       |     5 |       |    17 ||    29
         Lightning rod     |       |       |       |       |     5 |     6 |     3 |     4 |     9 ||    27
         Phantom mirror    |       |       |       |       |     1 |     2 |     1 |       |     4 ||     8
         Phial of floods   |       |       |       |       |       |     1 |       |       |     1 ||     2
         Horn of Geryon    |       |       |       |       |       |       |       |       |     1 ||     1
    Use: Potion            |       |     2 |       |       |    10 |     5 |     2 |     7 |    36 ||    62
         Scroll            |       |     6 |       |    10 |    16 |    20 |     3 |     3 |    68 ||   126
   Stab: Paralysed         |       |       |       |       |     3 |       |       |       |       ||     3
         Distracted        |       |       |       |       |       |       |       |       |     6 ||     6
 Armour: Robe              |     6 |       |       |       |       |       |       |       |       ||     6
         Plate armour      |    41 |    48 |     5 |       |   242 |   464 |   264 |       |       ||  1064
         Leather armour    |       |       |    37 |    82 |    65 |       |       |       |       ||   184
         Gold dragon scale |       |       |       |       |       |       |    92 |   273 |  2756 ||  3121
  Dodge: Dodged            |    20 |    17 |    87 |   153 |   271 |   279 |   671 |   461 |  4161 ||  6120
  Block: Buckler           |       |       |       |       |       |       |       |       |  1239 ||  1239
         Tower shield      |       |       |       |       |       |       |       |       |  4595 ||  4595
         Reflection        |       |       |       |       |       |       |       |       |   169 ||   169
